| TOP OF THE 1ST |
|
Fort Wayne TinCaps batting - Pitching for South Bend Cubs : LHP Jose Urena
|
|
Pitching: LHP Jose Urena
|
|
|
Batting: RHB Dave McBain
|
0-0: Foul Ball, location: 2F 0-1: Ground out 6-3 (Groundball, 6, EV 90.0 MPH)
|
|
Batting: RHB Eric McMillian
|
0-0: Foul Ball, location: 2F 0-1: Foul Ball, location: 2F 0-2: Ground out U3 (Groundball, 34S, EV 78.8 MPH)
|
|
Batting: SHB Blake Abbott
|
0-0: Ball 1-0: Ball 2-0: Called Strike 2-1: Ball 3-1: Base on Balls
|
|
Batting: RHB Ryan Marler
|
0-0: Called Strike 0-1: Fielders Choice at 2nd, 5-4 (Groundball, 5, EV 80.6 MPH)
|
| Top of the 1st over - 0 runs, 0 hits, 0 errors, 1 left on base; Fort Wayne 0 - South Bend 0 |
| BOTTOM OF THE 1ST |
|
South Bend Cubs batting - Pitching for Fort Wayne TinCaps : LHP Travis Sergo
|
|
Pitching: LHP Travis Sergo
|
|
|
Batting: RHB Leonardo Nava
|
0-0: Called Strike 0-1: Ball 1-1: Ball 2-1: Ball 3-1: Foul Ball, location: 2F 3-2: Base on Balls
|
|
Batting: RHB Puluke Konane
|
0-0: Foul Ball, location: 2F 0-1: Ball 1-1: Ball 2-1: Ball 3-1: Foul Ball, location: 2F 3-2: Fly out, F8 (Line Drive, 8LD, EV 92.5 MPH)
|
|
Batting: RHB Mike Savage
|
0-0: Ball 1-0: Ball 2-0: Ball 3-0: Called Strike 3-1: Base on Balls Leonardo Nava to second
|
|
Batting: LHB Kwang-chih Men
|
0-0: Ball 1-0: Ball 2-0: Ball 3-0: Base on Balls Leonardo Nava to third Mike Savage to second
|
|
Batting: RHB Brad Santanello
|
0-0: SINGLE (Line Drive, 56, EV 95.6 MPH) Leonardo Nava scores Mike Savage to third Kwang-chih Men to second
|
|
Batting: RHB Armando Vilano
|
0-0: Called Strike 0-1: Ball 1-1: Foul Ball, location: 2F 1-2: Fielders Choice at 2nd, 6-4 (Groundball, 6, EV 83.8 MPH) Mike Savage scores Kwang-chih Men to third
|
|
Batting: SHB Gabriel Cruz
|
0-0: Ball 1-0: Swinging Strike 1-1: Ball 2-1: Called Strike 2-2: Strikes out looking
|
| Bottom of the 1st over - 2 runs, 1 hit, 0 errors, 2 left on base; Fort Wayne 0 - South Bend 2 |
| TOP OF THE 2ND |
|
Fort Wayne TinCaps batting - Pitching for South Bend Cubs : LHP Jose Urena
|
|
Batting: RHB Tim Seggerman
|
0-0: Ball 1-0: Called Strike 1-1: Ball 2-1: Ball 3-1: Fly out, F9 (Flyball, 9LS, EV 90.6 MPH)
|
|
Batting: LHB Rogelio Nunez
|
0-0: Called Strike 0-1: Ground out 4-3 (Groundball, 4, EV 85.0 MPH)
|
|
Batting: RHB Jerry Garcez
|
0-0: Called Strike 0-1: Foul Ball, location: 2F 0-2: Ball 1-2: Strikes out swinging, 2-3 out at first.
|
| Top of the 2nd over - 0 runs, 0 hits, 0 errors, 0 left on base; Fort Wayne 0 - South Bend 2 |
| BOTTOM OF THE 2ND |
|
South Bend Cubs batting - Pitching for Fort Wayne TinCaps : LHP Travis Sergo
|
|
Batting: RHB Andy Huntley
|
0-0: Ball 1-0: Ball 2-0: Swinging Strike 2-1: DOUBLE (Line Drive, 78XD, EV 104.4 MPH)
|
|
Batting: LHB Mark Huey
|
0-0: Ground out 4-3 (Groundball, 4, EV 81.9 MPH) Andy Huntley to third
|
|
Batting: RHB Leonardo Nava
|
0-0: Ball 1-0: Ball 2-0: Called Strike 2-1: Foul Ball, location: 2F 2-2: Ground out 5-3 (Groundball, 56, EV 86.9 MPH) Andy Huntley scores
|
|
Batting: RHB Puluke Konane
|
0-0: Called Strike 0-1: Foul Ball, location: 2F 0-2: Ball 1-2: Ball 2-2: Ball 3-2: Base on Balls
|
|
Batting: RHB Mike Savage
|
0-0: Called Strike 0-1: Fielders Choice at 2nd, 6-4 (Groundball, 6, EV 86.9 MPH)
|
| Bottom of the 2nd over - 1 run, 1 hit, 0 errors, 1 left on base; Fort Wayne 0 - South Bend 3 |
| TOP OF THE 3RD |
|
Fort Wayne TinCaps batting - Pitching for South Bend Cubs : LHP Jose Urena
|
|
Batting: RHB Brett Steele
|
0-0: Ball 1-0: Ball 2-0: Ground out 4-3 (Groundball, 4, EV 79.4 MPH)
|
|
Pitching: RHP Jose Marrero
|
|
|
Batting: LHB Jeff Trapp
|
0-0: Called Strike 0-1: Ball 1-1: Ball 2-1: Reached on error, E5 (Groundball, 5, EV 89.4 MPH)
|
|
Batting: RHB Dave McBain
|
0-0: Called Strike Jeff Trapp steals 2nd base (no throw) 0-1: Ball 1-1: Ball 2-1: Ball 3-1: Base on Balls
|
|
Batting: RHB Eric McMillian
|
0-0: Called Strike 0-1: Ball 1-1: Ball 2-1: Foul Ball, location: 2F 2-2: Strikes out swinging
|
|
Batting: SHB Blake Abbott
|
0-0: Foul Ball, location: 2F 0-1: Foul Ball, location: 2F 0-2: Foul Ball, location: 2F 0-2: Foul Ball, location: 2F 0-2: Foul Ball, location: 2F 0-2: Strikes out swinging
|
| Top of the 3rd over - 0 runs, 0 hits, 1 error, 2 left on base; Fort Wayne 0 - South Bend 3 |
| BOTTOM OF THE 3RD |
|
South Bend Cubs batting - Pitching for Fort Wayne TinCaps : LHP Travis Sergo
|
|
Batting: LHB Kwang-chih Men
|
0-0: Foul Ball, location: 2F 0-1: Ground out 4-3 (Groundball, 4, EV 86.2 MPH)
|
|
Batting: RHB Brad Santanello
|
0-0: Called Strike 0-1: Ball 1-1: Fly out, F8 (Flyball, 8LD, EV 89.4 MPH)
|
|
Batting: RHB Armando Vilano
|
0-0: Ball 1-0: SINGLE (Flyball, 4MD, EV 88.1 MPH)
|
|
Batting: SHB Gabriel Cruz
|
0-0: Ball 1-0: Ground out 5-3 (Groundball, 56, EV 107.5 MPH)
|
| Bottom of the 3rd over - 0 runs, 1 hit, 0 errors, 1 left on base; Fort Wayne 0 - South Bend 3 |
| TOP OF THE 4TH |
|
Fort Wayne TinCaps batting - Pitching for South Bend Cubs : RHP Jose Marrero
|
|
Pitching: RHP Jake Newman
|
|
|
Batting: RHB Ryan Marler
|
0-0: Foul Ball, location: 2F 0-1: Ground out 1-3 (Groundball, 13S, EV 70.0 MPH)
|
|
Batting: RHB Tim Seggerman
|
0-0: Ball 1-0: Foul Ball, location: 2F 1-1: DOUBLE (Line Drive, 78D, EV 108.8 MPH)
|
|
Batting: LHB Rogelio Nunez
|
0-0: Ball 1-0: Ball 2-0: Fly out, F8 (Flyball, 8RM, EV 89.4 MPH)
|
|
Batting: RHB Jerry Garcez
|
0-0: Called Strike 0-1: Ball 1-1: Ball 2-1: Ball 3-1: Called Strike 3-2: Ground out 3-1 (Groundball, 34, EV 88.8 MPH)
|
| Top of the 4th over - 0 runs, 1 hit, 0 errors, 1 left on base; Fort Wayne 0 - South Bend 3 |
| BOTTOM OF THE 4TH |
|
South Bend Cubs batting - Pitching for Fort Wayne TinCaps : LHP Travis Sergo
|
|
Batting: RHB Andy Huntley
|
0-0: Ball 1-0: Called Strike 1-1: Fly out, F7 (Line Drive, 7LS, EV 103.1 MPH)
|
|
Batting: LHB Mark Huey
|
0-0: Ball 1-0: Ball 2-0: SINGLE (Groundball, 34S, EV 83.1 MPH) (infield hit)
|
|
Batting: RHB Leonardo Nava
|
0-0: Ball 1-0: Fly out, F9 (Flyball, 9, EV 97.5 MPH)
|
|
Batting: RHB Puluke Konane
|
0-0: Ball 1-0: SINGLE (Line Drive, 9LM, EV 103.8 MPH) Mark Huey to second Runner from 2nd tries for 3rd, SAFE, no throw by RF
|
|
Batting: RHB Mike Savage
|
0-0: Foul Ball, location: 2F 0-1: Foul Ball, location: 2F 0-2: Fly out, F8 (Flyball, 89D, EV 98.1 MPH)
|
| Bottom of the 4th over - 0 runs, 2 hits, 0 errors, 2 left on base; Fort Wayne 0 - South Bend 3 |
| TOP OF THE 5TH |
|
Fort Wayne TinCaps batting - Pitching for South Bend Cubs : RHP Jake Newman
|
|
Batting: RHB Brett Steele
|
0-0: Ball 1-0: Foul Ball, location: 2F 1-1: Foul Ball, location: 2F 1-2: SINGLE (Line Drive, 8RS, EV 111.2 MPH)
|
|
Pitching: RHP Ryohei Uda
|
|
|
Batting: LHB Jeff Trapp
|
0-0: Ball 1-0: Called Strike 1-1: Ball 2-1: Ball 3-1: Base on Balls Brett Steele to second
|
|
Batting: RHB Dave McBain
|
0-0: Ball 1-0: Ball 2-0: Foul Ball, location: 2F 2-1: TRIPLE (Line Drive, 9D, EV 100.0 MPH) Brett Steele scores Jeff Trapp scores
|
|
Batting: RHB Eric McMillian
|
0-0: Ball 1-0: Swinging Strike 1-1: Ball 2-1: Foul Ball, location: 2F 2-2: Ball 3-2: Strikes out swinging
|
|
Batting: SHB Blake Abbott
|
0-0: Ball 1-0: Ball 2-0: Swinging Strike 2-1: Foul Ball, location: 2F 2-2: Ball 3-2: Base on Balls
|
|
Pitching: RHP Jose Ramirez
|
|
|
Batting: RHB Ryan Marler
|
0-0: Called Strike 0-1: Ball 1-1: Ball 2-1: Ball 3-1: Base on Balls Blake Abbott to second
|
|
Pinch Hitting: LHB Tony Contreras
|
0-0: Ball 1-0: Called Strike 1-1: Swinging Strike 1-2: Ball 2-2: Foul Ball, location: 2F 2-2: Ball 3-2: Base on Balls Dave McBain scores Blake Abbott to third Ryan Marler to second
|
|
Batting: LHB Rogelio Nunez
|
0-0: Ball 1-0: Swinging Strike 1-1: Called Strike 1-2: Foul Ball, location: 2F 1-2: Foul Ball, location: 2F 1-2: SINGLE (Groundball, 34D, EV 103.1 MPH) Blake Abbott scores Ryan Marler to third Tony Contreras to second Runner from 3rd tries for Home, throw by RF and OUT! 9-2
|
|
Pitching: RHP Miles Edwards
|
|
|
Batting: RHB Jerry Garcez
|
0-0: Ball 1-0: Swinging Strike 1-1: Ball 2-1: Swinging Strike 2-2: Foul Ball, location: 2F 2-2: Ground out 3-1 (Groundball, 34S, EV 90.0 MPH)
|
| Top of the 5th over - 4 runs, 3 hits, 0 errors, 2 left on base; Fort Wayne 4 - South Bend 3 |
| BOTTOM OF THE 5TH |
|
South Bend Cubs batting - Pitching for Fort Wayne TinCaps : LHP Travis Sergo
|
|
Now at 3B: Rich Justice
|
|
|
Batting: LHB Kwang-chih Men
|
0-0: Called Strike 0-1: Called Strike 0-2: Foul Ball, location: 2F 0-2: Ball 1-2: SINGLE (Line Drive, 6MD, EV 103.8 MPH)
|
|
Batting: RHB Brad Santanello
|
0-0: Fly out, F4 (Line Drive, 4M, EV 98.1 MPH)
|
|
Batting: RHB Armando Vilano
|
0-0: Ball 1-0: Ball 2-0: Foul Ball, location: 2F 2-1: Ball 3-1: Grounds into double play, 6-4-3 (Groundball, 6MD, EV 108.1 MPH)
|
| Bottom of the 5th over - 0 runs, 1 hit, 0 errors, 0 left on base; Fort Wayne 4 - South Bend 3 |
| TOP OF THE 6TH |
|
Fort Wayne TinCaps batting - Pitching for South Bend Cubs : RHP Miles Edwards
|
|
Batting: RHB Brett Steele
|
0-0: Ball 1-0: Ball 2-0: Foul Ball, location: 2F 2-1: Foul Ball, location: 2F 2-2: Foul Ball, location: 2F 2-2: Foul Ball, location: 2F 2-2: Foul Ball, location: 2F 2-2: Ball 3-2: Ground out 2-3 (Groundball, 15S, EV 69.4 MPH)
|
|
Batting: LHB Jeff Trapp
|
0-0: Ball 1-0: Called Strike 1-1: Swinging Strike 1-2: Foul Ball, location: 2F 1-2: Foul Ball, location: 2F 1-2: Strikes out swinging
|
|
Pitching: LHP Virgílio Beyfus
|
|
|
Batting: RHB Dave McBain
|
0-0: Ball 1-0: Ball 2-0: Called Strike 2-1: Fly out, F6 (Line Drive, 6, EV 66.9 MPH)
|
| Top of the 6th over - 0 runs, 0 hits, 0 errors, 0 left on base; Fort Wayne 4 - South Bend 3 |
| BOTTOM OF THE 6TH |
|
South Bend Cubs batting - Pitching for Fort Wayne TinCaps : LHP Travis Sergo
|
|
Batting: SHB Gabriel Cruz
|
0-0: Foul Ball, location: 2F 0-1: Swinging Strike 0-2: Ball 1-2: Ball 2-2: Fly out, F4 (Popup, 23, EV 80.0 MPH)
|
|
Pitching: RHP Sal Contreras
|
|
|
Batting: RHB Andy Huntley
|
0-0: Ball 1-0: Swinging Strike 1-1: Ball 2-1: Ball 3-1: Swinging Strike 3-2: Strikes out looking
|
|
Batting: LHB Mark Huey
|
0-0: Ball 1-0: Swinging Strike 1-1: Swinging Strike 1-2: Strikes out swinging
|
| Bottom of the 6th over - 0 runs, 0 hits, 0 errors, 0 left on base; Fort Wayne 4 - South Bend 3 |
| TOP OF THE 7TH |
|
Fort Wayne TinCaps batting - Pitching for South Bend Cubs : LHP Virgílio Beyfus
|
|
Batting: RHB Eric McMillian
|
0-0: Called Strike 0-1: Foul Ball, location: 2F 0-2: Ball 1-2: Ball 2-2: Ball 3-2: Base on Balls
|
|
Batting: SHB Blake Abbott
|
Pickoff Throw to First - Out! 1-3 CS 0-0: Ball 1-0: Ball 2-0: Foul Ball, location: 2F 2-1: Foul Ball, location: 2F 2-2: Foul Ball, location: 2F 2-2: Ball 3-2: Base on Balls
|
|
Batting: RHB Ryan Marler
|
0-0: Ball 1-0: Called Strike 1-1: 2-RUN HOME RUN (Flyball, 7D, EV 98.1 MPH), Distance : 391 ft
|
|
Pitching: LHP Alex Gandarilla
|
|
|
Batting: RHB Rich Justice
|
0-0: Ball 1-0: Foul Ball, location: 2F 1-1: Foul Ball, location: 2F 1-2: Foul Ball, location: 2F 1-2: Ball 2-2: Ball 3-2: Base on Balls
|
|
Batting: LHB Rogelio Nunez
|
0-0: Ball Rich Justice is caught stealing 2nd base 2-6 1-0: Ball 2-0: Ball 3-0: Called Strike 3-1: Base on Balls
|
|
Batting: RHB Jerry Garcez
|
0-0: Ball 1-0: Ball 2-0: Called Strike 2-1: Swinging Strike 2-2: Foul Ball, location: 2F 2-2: Ball 3-2: Base on Balls Rogelio Nunez to second
|
|
Pitching: RHP Nicolai Volnov
|
|
|
Batting: RHB Brett Steele
|
0-0: Called Strike 0-1: Called Strike 0-2: Ball 1-2: Ball 2-2: Foul Ball, location: 2F 2-2: Foul Ball, location: 2F 2-2: Foul Ball, location: 2F 2-2: Strikes out looking
|
| Top of the 7th over - 2 runs, 1 hit, 0 errors, 2 left on base; Fort Wayne 6 - South Bend 3 |
| BOTTOM OF THE 7TH |
|
South Bend Cubs batting - Pitching for Fort Wayne TinCaps : RHP Sal Contreras
|
|
Now at C: Hugo MacBeth
|
|
|
Now at 2B: Brett Steele
|
|
|
Batting: RHB Leonardo Nava
|
0-0: Bunt - Flyout to 25! F5
|
|
Batting: RHB Puluke Konane
|
0-0: DOUBLE (Line Drive, 89D, EV 111.9 MPH)
|
|
Batting: RHB Mike Savage
|
0-0: Ground out U3 (Groundball, 34, EV 80.0 MPH) Puluke Konane to third
|
|
Batting: LHB Kwang-chih Men
|
0-0: Foul Ball, location: 2F 0-1: Called Strike 0-2: Strikes out swinging
|
| Bottom of the 7th over - 0 runs, 1 hit, 0 errors, 1 left on base; Fort Wayne 6 - South Bend 3 |
| TOP OF THE 8TH |
|
Fort Wayne TinCaps batting - Pitching for South Bend Cubs : RHP Nicolai Volnov
|
|
Batting: LHB Jeff Trapp
|
0-0: Ball 1-0: Ball 2-0: Ball 3-0: Base on Balls
|
|
Batting: RHB Dave McBain
|
0-0: Ball Jeff Trapp steals 2nd, throwing error, E2 Jeff Trapp to third 1-0: Ball 2-0: Called Strike 2-1: Ball 3-1: DOUBLE (Line Drive, 7LM, EV 96.2 MPH) Jeff Trapp scores
|
|
Batting: LHB Hugo MacBeth
|
0-0: Ball 1-0: Foul Ball, location: 2F 1-1: Ball 2-1: DOUBLE (Line Drive, 78D, EV 110.6 MPH) Dave McBain scores
|
|
Batting: SHB Blake Abbott
|
0-0: Ball 1-0: Called Strike 1-1: Ball 2-1: Ball 3-1: 2-RUN HOME RUN (Line Drive, 89XD, EV 106.9 MPH), Distance : 430 ft
|
|
Batting: RHB Ryan Marler
|
0-0: DOUBLE (Line Drive, 89D, EV 105.6 MPH)
|
|
Batting: RHB Rich Justice
|
0-0: DOUBLE (Flyball, 78D, EV 110.6 MPH) Ryan Marler scores
|
|
Batting: LHB Rogelio Nunez
|
0-0: SINGLE (Popup, 6D, EV 46.9 MPH) Rich Justice to third
|
|
Batting: RHB Jerry Garcez
|
0-0: Ball 1-0: Fly out, F8 (Flyball, 8RD, EV 99.4 MPH) Runner from 3rd tags up, SCORES, throw by CF
|
|
Batting: RHB Brett Steele
|
0-0: Foul Ball, location: 2F 0-1: Ball 1-1: Foul Ball, location: 2F 1-2: Foul Ball, location: 2F 1-2: Ball 2-2: Ball 3-2: Ground out U3 (Groundball, 3L, EV 102.5 MPH) Rogelio Nunez to second
|
|
Batting: LHB Jeff Trapp
|
0-0: SINGLE (Groundball, 56D, EV 100.0 MPH) Rogelio Nunez to third Runner from 3rd tries for Home, SAFE, throw by LF to home
|
|
Pitching: LHP Emir Jalil
|
|
|
Batting: RHB Dave McBain
|
0-0: SINGLE (Groundball, 56D, EV 96.9 MPH) Jeff Trapp to second Runner from 2nd tries for 3rd, OUT! 7-5
|
| Top of the 8th over - 7 runs, 8 hits, 1 error, 1 left on base; Fort Wayne 13 - South Bend 3 |
| BOTTOM OF THE 8TH |
|
South Bend Cubs batting - Pitching for Fort Wayne TinCaps : RHP Sal Contreras
|
|
Pinch Hitting: RHB Ricardo Aguinaga
|
0-0: Called Strike 0-1: Ball 1-1: Foul Ball, location: 2F 1-2: Ball 2-2: Foul Ball, location: 2F 2-2: Strikes out swinging wild pitch, reaches first!
|
|
Batting: RHB Armando Vilano
|
0-0: Swinging Strike 0-1: Fly out, F7 (Line Drive, 7S, EV 92.5 MPH) Lined into DP, 7-3 (Line Drive, 7S, EV 92.5 MPH)
|
|
Batting: SHB Gabriel Cruz
|
0-0: Fly out, F8 (Flyball, 8LD, EV 110.0 MPH)
|
| Bottom of the 8th over - 0 runs, 0 hits, 0 errors, 0 left on base; Fort Wayne 13 - South Bend 3 |
| TOP OF THE 9TH |
|
Fort Wayne TinCaps batting - Pitching for South Bend Cubs : LHP Emir Jalil
|
|
Now at 1B: Ricardo Aguinaga
|
|
|
Batting: LHB Hugo MacBeth
|
0-0: Ball 1-0: SINGLE (Line Drive, 8RS, EV 98.1 MPH)
|
|
Batting: SHB Blake Abbott
|
0-0: Ball 1-0: Foul Ball, location: 2F 1-1: Ball 2-1: Ball 3-1: Base on Balls Hugo MacBeth to second
|
|
Batting: RHB Ryan Marler
|
0-0: Ball 1-0: Foul Ball, location: 2F 1-1: Foul Ball, location: 2F 1-2: Hit by Pitch Hugo MacBeth to third Blake Abbott to second
|
|
Batting: RHB Rich Justice
|
0-0: Ball 1-0: Swinging Strike 1-1: Foul Ball, location: 2F 1-2: Ball 2-2: Foul Ball, location: 2F 2-2: Strikes out swinging
|
|
Batting: LHB Rogelio Nunez
|
0-0: Ball 1-0: Fielders Choice at 2nd, 6-4 (Groundball, 6, EV 86.2 MPH) Hugo MacBeth scores Blake Abbott to third
|
|
Batting: RHB Jerry Garcez
|
0-0: Called Strike 0-1: Ball 1-1: Ball 2-1: Ball 3-1: Called Strike 3-2: DOUBLE (Groundball, 5L, EV 106.2 MPH) Blake Abbott scores Rogelio Nunez to third Rogelio Nunez scores
|
|
Batting: RHB Brett Steele
|
0-0: Ball 1-0: Ball 2-0: Foul Ball, location: 2F 2-1: DOUBLE (Flyball, 89D, EV 93.8 MPH) Jerry Garcez scores
|
|
Pinch Runner at 2nd James McCauley:
|
|
|
Batting: LHB Jeff Trapp
|
0-0: Called Strike 0-1: Foul Ball, location: 2F 0-2: Strikes out swinging
|
| Top of the 9th over - 4 runs, 3 hits, 0 errors, 1 left on base; Fort Wayne 17 - South Bend 3 |
| BOTTOM OF THE 9TH |
|
South Bend Cubs batting - Pitching for Fort Wayne TinCaps : RHP Sal Contreras
|
|
Now at 2B: Antonio Lara
|
|
|
Batting: RHB Andy Huntley
|
0-0: Foul Ball, location: 2F 0-1: Foul Ball, location: 2F 0-2: Ball 1-2: Strikes out swinging
|
|
Batting: LHB Angel Oropeza
|
0-0: Ball 1-0: Ball 2-0: Ball 3-0: Called Strike 3-1: Base on Balls
|
|
Batting: RHB Leonardo Nava
|
0-0: Ball 1-0: Called Strike 1-1: Ball 2-1: Ball 3-1: Base on Balls Angel Oropeza to second
|
|
Batting: RHB Puluke Konane
|
0-0: Called Strike 0-1: Called Strike 0-2: Grounds into double play, 3-6-3 (Groundball, 3, EV 77.5 MPH)
|
| Bottom of the 9th over - 0 runs, 0 hits, 0 errors, 1 left on base; Fort Wayne 17 - South Bend 3 |
|